3L
PITTSBURGH KINGFISHERS @ VANCOUVER GREY WOLVES
06/21/2041
 
TOP OF THE 1ST
Pittsburgh Kingfishers batting - Pitching for Vancouver Grey Wolves : RHP Ray Skipworth
Pitching: RHP Ray Skipworth
Batting: SHB Yeow-whye Zhu 0-0: Swinging Strike
0-1: Foul Ball, location: 2F
0-2: Ball
1-2: Foul Ball, location: 2F
1-2: Ball
2-2: Ball
3-2: Strikes out swinging
Batting: RHB Jon Huband 0-0: Ground out 4-3 (Groundball, 4S, EV 81.2 MPH)
Batting: SHB Gerrie Bond 0-0: Ball
1-0: Ball
2-0: Called Strike
2-1: Swinging Strike
2-2: Ball
3-2: Base on Balls
Batting: RHB Krystof Melichar 0-0: Ball
1-0: Ground out 4-3 (Groundball, 34, EV 80.6 MPH)
Top of the 1st over - 0 runs, 0 hits, 0 errors, 1 left on base; Pittsburgh 0 - Vancouver 0
BOTTOM OF THE 1ST
Vancouver Grey Wolves batting - Pitching for Pittsburgh Kingfishers : RHP Nam-shik Kwak
Pitching: RHP Nam-shik Kwak
Batting: LHB Yoritomo Sato 0-0: Ball
1-0: SINGLE (Groundball, 4MD, EV 101.2 MPH)
Batting: LHB Robbie Brendle 0-0: Ball
1-0: Ball
2-0: Called Strike
2-1: Foul Ball, location: 2F
2-2: Strikes out swinging
Batting: LHB Javier Sánchez 0-0: Swinging Strike
0-1: Swinging Strike
0-2: Ball
1-2: Strikes out swinging
Batting: RHB Rafael Maldonado 0-0: Fly out, F4 (Popup, 4, EV 69.4 MPH)
Bottom of the 1st over - 0 runs, 1 hit, 0 errors, 1 left on base; Pittsburgh 0 - Vancouver 0
TOP OF THE 2ND
Pittsburgh Kingfishers batting - Pitching for Vancouver Grey Wolves : RHP Ray Skipworth
Batting: LHB Rafael Abasto 0-0: Foul Ball, location: 2F
0-1: Ball
1-1: Called Strike
1-2: Strikes out swinging
Batting: RHB Kjartan Einarsson 0-0: Called Strike
0-1: Foul Ball, location: 2F
0-2: Fly out, F8 (Flyball, 8LM, EV 88.1 MPH)
Batting: LHB Royce Foster 0-0: Ground out 4-3 (Groundball, 34, EV 91.9 MPH)
Top of the 2nd over - 0 runs, 0 hits, 0 errors, 0 left on base; Pittsburgh 0 - Vancouver 0
BOTTOM OF THE 2ND
Vancouver Grey Wolves batting - Pitching for Pittsburgh Kingfishers : RHP Nam-shik Kwak
Batting: RHB Kao-tsu Koo 0-0: Foul Ball, location: 2F
0-1: Swinging Strike
0-2: Strikes out swinging
Batting: RHB Phil van Oosterom 0-0: Swinging Strike
0-1: Ground out 5-3 (Groundball, 56S, EV 80.0 MPH)
Batting: LHB José Arras 0-0: Called Strike
0-1: Ground out 6-3 (Groundball, 4M, EV 92.5 MPH)
Bottom of the 2nd over - 0 runs, 0 hits, 0 errors, 0 left on base; Pittsburgh 0 - Vancouver 0
TOP OF THE 3RD
Pittsburgh Kingfishers batting - Pitching for Vancouver Grey Wolves : RHP Ray Skipworth
Batting: RHB Adam Smith 0-0: Ball
1-0: Called Strike
1-1: Swinging Strike
1-2: Ball
2-2: Ball
3-2: Base on Balls
Batting: RHB Junior Young 0-0: Foul Ball, location: 2F
0-1: SINGLE (Groundball, 4D, EV 98.1 MPH)
Adam Smith to second
Runner from 2nd tries for 3rd, OUT! 8-5
Batting: SHB Yeow-whye Zhu 0-0: Ball
1-0: Called Strike
1-1: Ball
2-1: Swinging Strike
2-2: Ball
3-2: Grounds into double play, 5-4-3 (Groundball, 5L, EV 84.4 MPH)
Top of the 3rd over - 0 runs, 1 hit, 0 errors, 0 left on base; Pittsburgh 0 - Vancouver 0
BOTTOM OF THE 3RD
Vancouver Grey Wolves batting - Pitching for Pittsburgh Kingfishers : RHP Nam-shik Kwak
Batting: LHB Cameron Woolever 0-0: Ground out 4-3 (Groundball, 4MS, EV 85.0 MPH)
Batting: LHB Gerardo Ponce de Leon 0-0: Ball
1-0: Fly out, F4 (Line Drive, 4, EV 68.8 MPH)
Batting: LHB Yoritomo Sato 0-0: Called Strike
0-1: Ball
1-1: SINGLE (Groundball, 6D, EV 105.6 MPH)
Batting: LHB Robbie Brendle 0-0: Called Strike
0-1: Ball
1-1: SINGLE (Groundball, 56S, EV 71.9 MPH) (infield hit)
Yoritomo Sato to second
Batting: LHB Javier Sánchez 0-0: Called Strike
0-1: Fly out, F7 (Flyball, 7, EV 86.9 MPH)
Bottom of the 3rd over - 0 runs, 2 hits, 0 errors, 2 left on base; Pittsburgh 0 - Vancouver 0
TOP OF THE 4TH
Pittsburgh Kingfishers batting - Pitching for Vancouver Grey Wolves : RHP Ray Skipworth
Batting: RHB Jon Huband 0-0: Swinging Strike
0-1: Ball
1-1: Fly out, F6 (Popup, 6M, EV 65.0 MPH)
Batting: SHB Gerrie Bond 0-0: Ball
1-0: Called Strike
1-1: Swinging Strike
1-2: Fly out, F6 (Popup, 6M, EV 66.9 MPH)
Batting: RHB Krystof Melichar 0-0: Foul Ball, location: 2F
0-1: Fly out, F7 (Flyball, 78D, EV 98.1 MPH)
Top of the 4th over - 0 runs, 0 hits, 0 errors, 0 left on base; Pittsburgh 0 - Vancouver 0
BOTTOM OF THE 4TH
Vancouver Grey Wolves batting - Pitching for Pittsburgh Kingfishers : RHP Nam-shik Kwak
Batting: RHB Rafael Maldonado 0-0: Ball
1-0: Fly out, F8 (Flyball, 8LS, EV 77.5 MPH)
Batting: RHB Kao-tsu Koo 0-0: Ball
1-0: Ground out 1-3 (Groundball, P, EV 88.1 MPH)
Batting: RHB Phil van Oosterom 0-0: Called Strike
0-1: Foul Ball, location: 2F
0-2: Ball
1-2: Strikes out swinging
Bottom of the 4th over - 0 runs, 0 hits, 0 errors, 0 left on base; Pittsburgh 0 - Vancouver 0
TOP OF THE 5TH
Pittsburgh Kingfishers batting - Pitching for Vancouver Grey Wolves : RHP Ray Skipworth
Batting: LHB Rafael Abasto 0-0: Foul Ball, location: 2F
0-1: Ball
1-1: Fly out, F8 (Flyball, 8LS, EV 89.4 MPH)
Batting: RHB Kjartan Einarsson 0-0: Called Strike
0-1: Ground out 4-3 (Groundball, 4, EV 83.1 MPH)
Batting: LHB Royce Foster 0-0: Foul Ball, location: 2F
0-1: Ball
1-1: Ball
2-1: SOLO HOME RUN (Flyball, 7D, EV 100.0 MPH), Distance : 347 ft
Batting: RHB Adam Smith 0-0: Ball
1-0: Foul Ball, location: 2F
1-1: Swinging Strike
1-2: Foul Ball, location: 2F
1-2: Foul Ball, location: 2F
1-2: Ball
2-2: Fly out, F8 (Flyball, 78M, EV 88.1 MPH)
Top of the 5th over - 1 run, 1 hit, 0 errors, 0 left on base; Pittsburgh 1 - Vancouver 0
BOTTOM OF THE 5TH
Vancouver Grey Wolves batting - Pitching for Pittsburgh Kingfishers : RHP Nam-shik Kwak
Batting: LHB José Arras 0-0: Called Strike
0-1: Ball
1-1: Foul Ball, location: 2F
1-2: Ball
2-2: Foul Ball, location: 2F
2-2: Strikes out swinging
Batting: LHB Cameron Woolever 0-0: Ball
1-0: Ground out U3 (Groundball, 34, EV 86.9 MPH)
Batting: LHB Gerardo Ponce de Leon 0-0: Ball
1-0: Ball
2-0: Ground out 4-3 (Groundball, 34D, EV 93.8 MPH)
Bottom of the 5th over - 0 runs, 0 hits, 0 errors, 0 left on base; Pittsburgh 1 - Vancouver 0
TOP OF THE 6TH
Pittsburgh Kingfishers batting - Pitching for Vancouver Grey Wolves : RHP Ray Skipworth
Batting: RHB Junior Young 0-0: Called Strike
0-1: Reached on error, E5 (Groundball, 56S, EV 87.5 MPH)
Pitching: LHP Quan Shiu
Batting: SHB Yeow-whye Zhu 0-0: Ball
1-0: Ball
2-0: Ball
3-0: Base on Balls
Junior Young to second
Batting: RHB Jon Huband 0-0: Sac Bunt to 15S - play at first, batter safe!
Junior Young to third
Yeow-whye Zhu to second
Batting: SHB Gerrie Bond 0-0: Ball
1-0: Foul Ball, location: 2F
1-1: Swinging Strike
1-2: Ball
2-2: Ball
3-2: Base on Balls
Junior Young scores
Yeow-whye Zhu to third
Jon Huband to second
Batting: RHB Krystof Melichar 0-0: SINGLE (Line Drive, 78M, EV 95.0 MPH)
Yeow-whye Zhu scores
Jon Huband to third
Gerrie Bond to second
Batting: LHB Rafael Abasto 0-0: Ball
1-0: Ball
2-0: Swinging Strike
2-1: Swinging Strike
2-2: Foul Ball, location: 2F
2-2: Foul Ball, location: 2F
2-2: Strikes out swinging
Batting: RHB Kjartan Einarsson 0-0: Swinging Strike
0-1: Foul Ball, location: 2F
0-2: Foul Ball, location: 2F
0-2: Ball
1-2: Strikes out swinging
Batting: LHB Royce Foster 0-0: Called Strike
0-1: Ball
1-1: Swinging Strike
1-2: Strikes out swinging
Top of the 6th over - 2 runs, 2 hits, 1 error, 3 left on base; Pittsburgh 3 - Vancouver 0
BOTTOM OF THE 6TH
Vancouver Grey Wolves batting - Pitching for Pittsburgh Kingfishers : RHP Nam-shik Kwak
Batting: LHB Yoritomo Sato 0-0: Foul Ball, location: 2F
0-1: Called Strike
0-2: Ball
1-2: Ball
2-2: Ground out 3-1 (Groundball, 34S, EV 91.2 MPH)
Batting: LHB Robbie Brendle 0-0: Ball
1-0: Called Strike
1-1: Ground out 4-3 (Groundball, 4D, EV 103.1 MPH)
Batting: LHB Javier Sánchez 0-0: Ball
1-0: Ball
2-0: Ground out U3 (Groundball, 3, EV 98.1 MPH)
Bottom of the 6th over - 0 runs, 0 hits, 0 errors, 0 left on base; Pittsburgh 3 - Vancouver 0
TOP OF THE 7TH
Pittsburgh Kingfishers batting - Pitching for Vancouver Grey Wolves : LHP Quan Shiu
Batting: RHB Adam Smith 0-0: Called Strike
0-1: Fly out, F6 (Line Drive, 6, EV 68.1 MPH)
Batting: RHB Junior Young 0-0: Ball
1-0: Called Strike
1-1: Foul Ball, location: 2F
1-2: Foul Ball, location: 2F
1-2: Ball
2-2: Fly out, F8 (Flyball, 8LS, EV 87.5 MPH)
Batting: SHB Yeow-whye Zhu 0-0: Ground out 5-3 (Groundball, 56, EV 98.1 MPH)
Top of the 7th over - 0 runs, 0 hits, 0 errors, 0 left on base; Pittsburgh 3 - Vancouver 0
BOTTOM OF THE 7TH
Vancouver Grey Wolves batting - Pitching for Pittsburgh Kingfishers : RHP Nam-shik Kwak
Batting: RHB Rafael Maldonado 0-0: Ball
1-0: Ball
2-0: Ball
3-0: Base on Balls
Batting: RHB Kao-tsu Koo 0-0: Foul Ball, location: 2F
0-1: Fly out, F4 (Line Drive, 4M, EV 103.8 MPH)
Batting: RHB Phil van Oosterom 0-0: Ball
1-0: Foul Ball, location: 2F
1-1: Foul Ball, location: 2F
1-2: Fly out, F8 (Flyball, 8LD, EV 106.2 MPH)
Batting: LHB José Arras 0-0: Called Strike
0-1: Ball
1-1: Ball
2-1: Ball
3-1: Swinging Strike
3-2: Fly out, F7 (Flyball, 78M, EV 78.8 MPH)
Bottom of the 7th over - 0 runs, 0 hits, 0 errors, 1 left on base; Pittsburgh 3 - Vancouver 0
TOP OF THE 8TH
Pittsburgh Kingfishers batting - Pitching for Vancouver Grey Wolves : LHP Quan Shiu
Batting: RHB Jon Huband 0-0: Ground out 5-3 (Groundball, 56, EV 81.9 MPH)
Batting: SHB Gerrie Bond 0-0: Swinging Strike
0-1: Foul Ball, location: 2F
0-2: Ball
1-2: Fly out, F4 (Line Drive, 4, EV 70.6 MPH)
Batting: RHB Krystof Melichar 0-0: Ball
1-0: Ball
2-0: Ground out 5-3 (Groundball, 56, EV 93.1 MPH)
Top of the 8th over - 0 runs, 0 hits, 0 errors, 0 left on base; Pittsburgh 3 - Vancouver 0
BOTTOM OF THE 8TH
Vancouver Grey Wolves batting - Pitching for Pittsburgh Kingfishers : RHP Nam-shik Kwak
Now in RF: Loring Rommel
Batting: LHB Cameron Woolever 0-0: SINGLE (Line Drive, 7S, EV 113.1 MPH)
Batting: LHB Gerardo Ponce de Leon 0-0: Ball
1-0: Fly out, F7 (Flyball, 7, EV 88.1 MPH)
Batting: LHB Yoritomo Sato 0-0: Called Strike
0-1: Ball
1-1: Ball
2-1: Foul Ball, location: 2F
2-2: Ball
3-2: Foul Ball, location: 2F
3-2: Fielders Choice at 2nd, 1-4 (Groundball, 15S, EV 63.8 MPH)
Batting: LHB Robbie Brendle 0-0: Ball
1-0: Foul Ball, location: 2F
1-1: Swinging Strike
1-2: Foul Ball, location: 2F
1-2: Ball
2-2: Strikes out swinging
Bottom of the 8th over - 0 runs, 1 hit, 0 errors, 1 left on base; Pittsburgh 3 - Vancouver 0
TOP OF THE 9TH
Pittsburgh Kingfishers batting - Pitching for Vancouver Grey Wolves : LHP Quan Shiu
Batting: LHB Rafael Abasto 0-0: Ground out 4-3 (Groundball, 4, EV 83.8 MPH)
Batting: RHB Kjartan Einarsson 0-0: Ball
1-0: Called Strike
1-1: Ball
2-1: Called Strike
2-2: Ball
3-2: Foul Ball, location: 2F
3-2: Ground out 5-3 (Groundball, 5S, EV 68.8 MPH)
Batting: LHB Royce Foster 0-0: Foul Ball, location: 2F
0-1: Called Strike
0-2: Strikes out swinging
Top of the 9th over - 0 runs, 0 hits, 0 errors, 0 left on base; Pittsburgh 3 - Vancouver 0
BOTTOM OF THE 9TH
Vancouver Grey Wolves batting - Pitching for Pittsburgh Kingfishers : RHP Nam-shik Kwak
Batting: LHB Javier Sánchez 0-0: Ball
1-0: Ball
2-0: Ball
3-0: Called Strike
3-1: Foul Ball, location: 2F
3-2: SINGLE (Groundball, 3L, EV 98.8 MPH)
Pitching: LHP Jeffery Meyers
Batting: RHB Rafael Maldonado 0-0: Grounds into double play, 5-4-3 (Groundball, 56, EV 106.2 MPH)
Batting: RHB Kao-tsu Koo 0-0: Ball
1-0: Ground out U3 (Groundball, 3, EV 85.0 MPH)
Bottom of the 9th over - 0 runs, 1 hit, 0 errors, 0 left on base; Pittsburgh 3 - Vancouver 0
Tuesday, January 5th, 2021 - OOTP Baseball 20.8 Build 74